| TOP OF THE 1ST |
|
Billings Mustangs batting - Pitching for Washington (APP) Nationals : RHP James Harewood
|
|
Pitching: RHP James Harewood
|
|
|
Batting: RHB Will Trudeau
|
0-0: Ball 1-0: Called Strike 1-1: Foul Ball, location: 2F 1-2: Ground out U3 (Groundball, 34, EV 80.0 MPH)
|
|
Batting: LHB Clint Hanninen
|
0-0: Called Strike 0-1: Ball 1-1: Ball 2-1: Foul Ball, location: 2F 2-2: Ball 3-2: Foul Ball, location: 2F 3-2: Base on Balls
|
|
Batting: SHB Gustavo Froio
|
0-0: Called Strike 0-1: Foul Ball, location: 2F 0-2: Ball 1-2: Foul Ball, location: 2F 1-2: Strikes out swinging
|
|
Batting: RHB Emanuel Estrada
|
0-0: Called Strike 0-1: Foul Ball, location: 2F 0-2: Ball 1-2: Strikes out swinging
|
| Top of the 1st over - 0 runs, 0 hits, 0 errors, 1 left on base; Billings 0 - Washington (APP) 0 |
| BOTTOM OF THE 1ST |
|
Washington (APP) Nationals batting - Pitching for Billings Mustangs : RHP Juan Oliveros
|
|
Pitching: RHP Juan Oliveros
|
|
|
Batting: LHB Carlos Guadarrama
|
0-0: Ball 1-0: Foul Ball, location: 2F 1-1: Ground out 5-3 (Groundball, 5L, EV 86.2 MPH)
|
|
Batting: RHB Billy Williamson
|
0-0: Ball 1-0: Ball 2-0: Foul Ball, location: 2F 2-1: Foul Ball, location: 2F 2-2: Reached on error, E7 (Flyball, 7LM, EV 100.0 MPH)
|
|
Batting: RHB Armando Moreno
|
0-0: Ball 1-0: Ball 2-0: Called Strike 2-1: SINGLE (Groundball, 4MD, EV 101.9 MPH) Billy Williamson to second Runner from 2nd tries for 3rd, SAFE, throw by CF made to third
|
|
Batting: RHB Akira Ishihara
|
0-0: Swinging Strike 0-1: Ball Wild Pitch! Billy Williamson scores Armando Moreno to second 1-1: Foul Ball, location: 2F 1-2: Strikes out swinging
|
|
Batting: SHB John Husson
|
0-0: Called Strike 0-1: Fly out, F7 (Flyball, 7LM, EV 75.0 MPH)
|
| Bottom of the 1st over - 1 run, 1 hit, 1 error, 1 left on base; Billings 0 - Washington (APP) 1 |
| TOP OF THE 2ND |
|
Billings Mustangs batting - Pitching for Washington (APP) Nationals : RHP James Harewood
|
|
Batting: RHB Rich Vanegas
|
0-0: Ground out 6-3 (Groundball, 6, EV 102.5 MPH)
|
|
Batting: RHB Wayne Watson
|
0-0: Swinging Strike 0-1: Ball 1-1: Swinging Strike 1-2: Strikes out looking
|
|
Batting: RHB Alex Nagera
|
0-0: Ball 1-0: Ball 2-0: Ball 3-0: Base on Balls
|
|
Batting: RHB Ruben Cantu
|
0-0: SINGLE (Line Drive, 78S, EV 106.2 MPH) Alex Nagera to second
|
|
Batting: RHB Jimmy Geddes
|
0-0: 3-RUN HOME RUN (Line Drive, 9D, EV 97.5 MPH), Distance : 371 ft
|
|
Batting: RHB Will Trudeau
|
0-0: Ball 1-0: Ball 2-0: Called Strike 2-1: DOUBLE (Line Drive, 7LD, EV 98.1 MPH)
|
|
Batting: LHB Clint Hanninen
|
0-0: DOUBLE (Flyball, 89D, EV 98.8 MPH) Will Trudeau scores
|
|
Batting: SHB Gustavo Froio
|
0-0: Foul Ball, location: 2F 0-1: Ball 1-1: Ground out 4-3 (Groundball, 34D, EV 105.6 MPH)
|
| Top of the 2nd over - 4 runs, 4 hits, 0 errors, 1 left on base; Billings 4 - Washington (APP) 1 |
| BOTTOM OF THE 2ND |
|
Washington (APP) Nationals batting - Pitching for Billings Mustangs : RHP Juan Oliveros
|
|
Batting: RHB Jess Thomas
|
0-0: Ball 1-0: Ball 2-0: Ball 3-0: Base on Balls
|
|
Batting: RHB Ivan Torres
|
0-0: Called Strike Jess Thomas is caught stealing 2nd base 2-4 0-1: Ground out 5-3 (Groundball, 5, EV 84.4 MPH)
|
|
Batting: RHB Jason Curry
|
0-0: Ball 1-0: Called Strike 1-1: Called Strike 1-2: Strikes out looking
|
| Bottom of the 2nd over - 0 runs, 0 hits, 0 errors, 0 left on base; Billings 4 - Washington (APP) 1 |
| TOP OF THE 3RD |
|
Billings Mustangs batting - Pitching for Washington (APP) Nationals : RHP James Harewood
|
|
Batting: RHB Emanuel Estrada
|
0-0: Ball 1-0: Ground out 6-3 (Groundball, 6, EV 90.0 MPH)
|
|
Batting: RHB Rich Vanegas
|
0-0: Called Strike 0-1: Ball 1-1: Ball 2-1: Ground out 6-3 (Groundball, 6M, EV 89.4 MPH)
|
|
Batting: RHB Wayne Watson
|
0-0: Ball 1-0: Ball 2-0: Foul Ball, location: 2F 2-1: Called Strike 2-2: Strikes out looking
|
| Top of the 3rd over - 0 runs, 0 hits, 0 errors, 0 left on base; Billings 4 - Washington (APP) 1 |
| BOTTOM OF THE 3RD |
|
Washington (APP) Nationals batting - Pitching for Billings Mustangs : RHP Juan Oliveros
|
|
Batting: RHB Alex Gonzalez
|
0-0: Swinging Strike 0-1: Swinging Strike 0-2: Foul Ball, location: 2F 0-2: Ball 1-2: Strikes out looking
|
|
Batting: LHB Carlos Guadarrama
|
0-0: Ball 1-0: Called Strike 1-1: Ball 2-1: Reached on error, E7 (Flyball, 7, EV 90.6 MPH)
|
|
Batting: RHB Billy Williamson
|
0-0: Ball 1-0: Ball 2-0: Fly out, F7 (Line Drive, 7, EV 111.2 MPH)
|
|
Batting: RHB Armando Moreno
|
0-0: Ball 1-0: Called Strike Carlos Guadarrama steals 2nd base 1-1: Swinging Strike 1-2: Strikes out swinging
|
| Bottom of the 3rd over - 0 runs, 0 hits, 1 error, 1 left on base; Billings 4 - Washington (APP) 1 |
| TOP OF THE 4TH |
|
Billings Mustangs batting - Pitching for Washington (APP) Nationals : RHP James Harewood
|
|
Batting: RHB Alex Nagera
|
0-0: Fly out, F9 (Flyball, 8RS, EV 90.0 MPH)
|
|
Batting: RHB Ruben Cantu
|
0-0: Ball 1-0: Ball 2-0: Ball 3-0: Fly out, F7 (Line Drive, 7LM, EV 98.8 MPH)
|
|
Batting: RHB Jimmy Geddes
|
0-0: Ball 1-0: Ball 2-0: Ball 3-0: Base on Balls
|
|
Batting: RHB Will Trudeau
|
0-0: SINGLE (Groundball, 4M, EV 106.2 MPH) (infield hit) Jimmy Geddes to second
|
|
Batting: LHB Clint Hanninen
|
0-0: Ground out 3-1 (Groundball, 34S, EV 80.0 MPH)
|
| Top of the 4th over - 0 runs, 1 hit, 0 errors, 2 left on base; Billings 4 - Washington (APP) 1 |
| BOTTOM OF THE 4TH |
|
Washington (APP) Nationals batting - Pitching for Billings Mustangs : RHP Juan Oliveros
|
|
Batting: RHB Akira Ishihara
|
0-0: Ball 1-0: SINGLE (Line Drive, 89S, EV 103.1 MPH)
|
|
Batting: SHB John Husson
|
0-0: Ball 1-0: Called Strike 1-1: Ball 2-1: Foul Ball, location: 2F 2-2: Fly out, F9 (Flyball, 9LM, EV 90.0 MPH)
|
|
Batting: RHB Jess Thomas
|
0-0: Ball 1-0: Fly out, F8 (Flyball, 78M, EV 90.6 MPH)
|
|
Batting: RHB Ivan Torres
|
0-0: Foul Ball, location: 2F 0-1: Fly out, F9 (Flyball, 89M, EV 92.5 MPH)
|
| Bottom of the 4th over - 0 runs, 1 hit, 0 errors, 1 left on base; Billings 4 - Washington (APP) 1 |
| TOP OF THE 5TH |
|
Billings Mustangs batting - Pitching for Washington (APP) Nationals : RHP James Harewood
|
|
Batting: SHB Gustavo Froio
|
0-0: Ball 1-0: Called Strike 1-1: Ball 2-1: Ground out 4-3 (Groundball, 4, EV 88.8 MPH)
|
|
Batting: RHB Emanuel Estrada
|
0-0: Foul Ball, location: 2F 0-1: Foul Ball, location: 2F 0-2: SINGLE (Groundball, 56D, EV 94.4 MPH)
|
|
Batting: RHB Rich Vanegas
|
0-0: Ball 1-0: Called Strike Emanuel Estrada steals 2nd base 1-1: Called Strike 1-2: Ball 2-2: Ball 3-2: Ground out 6-3 (Groundball, 6, EV 88.1 MPH)
|
|
Batting: RHB Wayne Watson
|
0-0: Ball 1-0: Called Strike 1-1: Ball 2-1: Swinging Strike 2-2: Strikes out looking
|
| Top of the 5th over - 0 runs, 1 hit, 0 errors, 1 left on base; Billings 4 - Washington (APP) 1 |
| BOTTOM OF THE 5TH |
|
Washington (APP) Nationals batting - Pitching for Billings Mustangs : RHP Juan Oliveros
|
|
Batting: RHB Jason Curry
|
0-0: Called Strike 0-1: Ball 1-1: Ball 2-1: Called Strike 2-2: Foul Ball, location: 2F 2-2: Fly out, F9 (Flyball, 9LM, EV 100.0 MPH)
|
|
Batting: RHB Alex Gonzalez
|
0-0: Ground out 6-3 (Groundball, 6, EV 78.1 MPH)
|
|
Batting: LHB Carlos Guadarrama
|
0-0: Called Strike 0-1: Called Strike 0-2: Foul Ball, location: 2F 0-2: Hit by Pitch
|
|
Pitching: RHP Tahir Montazeri
|
|
|
Batting: RHB Billy Williamson
|
0-0: Ball 1-0: Called Strike Carlos Guadarrama is caught stealing 2nd base 2-4
|
| Bottom of the 5th over - 0 runs, 0 hits, 0 errors, 0 left on base; Billings 4 - Washington (APP) 1 |
| TOP OF THE 6TH |
|
Billings Mustangs batting - Pitching for Washington (APP) Nationals : RHP James Harewood
|
|
Pitching: RHP Faradur Bhutani
|
|
|
Batting: RHB Alex Nagera
|
0-0: Foul Ball, location: 2F 0-1: Ground out 4-3 (Groundball, 4D, EV 97.5 MPH)
|
|
Batting: RHB Ruben Cantu
|
0-0: Ball 1-0: Foul Ball, location: 2F 1-1: Ball 2-1: Ball 3-1: DOUBLE (Flyball, 8RXD, EV 108.8 MPH)
|
|
Batting: RHB Jimmy Geddes
|
0-0: Swinging Strike 0-1: Swinging Strike 0-2: Ball 1-2: Strikes out swinging
|
|
Batting: RHB Will Trudeau
|
0-0: Ball 1-0: Ball 2-0: Foul Ball, location: 2F 2-1: Called Strike 2-2: Strikes out swinging
|
| Top of the 6th over - 0 runs, 1 hit, 0 errors, 1 left on base; Billings 4 - Washington (APP) 1 |
| BOTTOM OF THE 6TH |
|
Washington (APP) Nationals batting - Pitching for Billings Mustangs : RHP Tahir Montazeri
|
|
Batting: RHB Billy Williamson
|
0-0: Called Strike 0-1: Ball 1-1: Swinging Strike 1-2: Ball 2-2: Fly out, F9 (Line Drive, 89M, EV 103.8 MPH)
|
|
Batting: RHB Armando Moreno
|
0-0: SOLO HOME RUN (Flyball, 7LD, EV 93.8 MPH), Distance : 358 ft
|
|
Batting: RHB Akira Ishihara
|
0-0: Foul Ball, location: 2F 0-1: Called Strike 0-2: Foul Ball, location: 2F 0-2: Ball 1-2: SINGLE (Flyball, 5D, EV 88.1 MPH)
|
|
Batting: SHB John Husson
|
0-0: Called Strike 0-1: Swinging Strike Passed Ball! Akira Ishihara to second 0-2: Ball 1-2: Strikes out swinging
|
|
Batting: RHB Jess Thomas
|
0-0: Ball 1-0: Foul Ball, location: 2F 1-1: Ball 2-1: Swinging Strike 2-2: Fly out, F9 (Flyball, 9, EV 88.8 MPH)
|
| Bottom of the 6th over - 1 run, 2 hits, 0 errors, 1 left on base; Billings 4 - Washington (APP) 2 |
| TOP OF THE 7TH |
|
Billings Mustangs batting - Pitching for Washington (APP) Nationals : RHP Faradur Bhutani
|
|
Batting: LHB Clint Hanninen
|
0-0: Ball 1-0: Ball 2-0: Hit by Pitch
|
|
Batting: SHB Gustavo Froio
|
0-0: Swinging Strike 0-1: Ball 1-1: Ball 2-1: Called Strike 2-2: Fly out, F9 (Flyball, 9, EV 74.4 MPH)
|
|
Batting: RHB Emanuel Estrada
|
0-0: Ball 1-0: Ball 2-0: Ball 3-0: Called Strike 3-1: Fielders Choice at 2nd, 4-6 (Groundball, 4M, EV 88.1 MPH)
|
|
Batting: RHB Rich Vanegas
|
0-0: Ball Wild Pitch! Emanuel Estrada to second 1-0: Intentional Walk
|
|
Batting: RHB Wayne Watson
|
0-0: Foul Ball, location: 2F 0-1: Foul Ball, location: 2F 0-2: Ground out 1-3 (Groundball, 13S, EV 71.9 MPH)
|
| Top of the 7th over - 0 runs, 0 hits, 0 errors, 2 left on base; Billings 4 - Washington (APP) 2 |
| BOTTOM OF THE 7TH |
|
Washington (APP) Nationals batting - Pitching for Billings Mustangs : RHP Tahir Montazeri
|
|
Batting: RHB Ivan Torres
|
0-0: Foul Ball, location: 2F 0-1: Ball 1-1: Ball 2-1: Ball 3-1: SINGLE (Groundball, 6MD, EV 95.0 MPH)
|
|
Batting: RHB Jason Curry
|
0-0: Ball 1-0: Foul Ball, location: 2F 1-1: Foul Ball, location: 2F 1-2: Foul Ball, location: 2F 1-2: Ball 2-2: Strikes out looking
|
|
Pitching: RHP Jeff Buchanan
|
|
|
Pinch Hitting: RHB Franklin Ortega
|
0-0: Called Strike 0-1: Ball 1-1: Ball 2-1: Ball 3-1: Base on Balls Ivan Torres to second
|
|
Batting: LHB Carlos Guadarrama
|
0-0: Ball 1-0: Ball Ivan Torres steals 3rd base 2-0: Ball 3-0: Base on Balls Franklin Ortega to second
|
|
Pinch Hitting: RHB Jose Ortiz
|
0-0: Ball 1-0: Foul Ball, location: 2F 1-1: Ball 2-1: Foul Ball, location: 2F 2-2: Fly out, F8 (Flyball, 8RD, EV 104.4 MPH) Runner from 3rd tags up, OUT at HOME! 8-2
|
| Bottom of the 7th over - 0 runs, 1 hit, 0 errors, 2 left on base; Billings 4 - Washington (APP) 2 |
| TOP OF THE 8TH |
|
Billings Mustangs batting - Pitching for Washington (APP) Nationals : RHP Faradur Bhutani
|
|
Now at 2B: Jason Curry
|
|
|
Now at 3B: Franklin Ortega
|
|
|
Now at SS: Tim Schulz
|
|
|
Batting: RHB Alex Nagera
|
0-0: Ball 1-0: Swinging Strike 1-1: Ball 2-1: Ball 3-1: Base on Balls
|
|
Batting: RHB Ruben Cantu
|
0-0: Called Strike 0-1: Fielders Choice at 2nd, 4-6 (Groundball, 4, EV 101.2 MPH)
|
|
Batting: RHB Jimmy Geddes
|
0-0: Ball 1-0: Ball 2-0: Called Strike 2-1: Foul Ball, location: 2F 2-2: Foul Ball, location: 2F 2-2: Ball 3-2: Strikes out swinging
|
|
Pitching: RHP Karl-Anthony Aure
|
|
|
Batting: RHB Will Trudeau
|
0-0: Fielders Choice at 2nd, 5-4 (Groundball, 56, EV 78.1 MPH)
|
| Top of the 8th over - 0 runs, 0 hits, 0 errors, 1 left on base; Billings 4 - Washington (APP) 2 |
| BOTTOM OF THE 8TH |
|
Washington (APP) Nationals batting - Pitching for Billings Mustangs : RHP Jeff Buchanan
|
|
Now in LF: Jose Cruz
|
|
|
Batting: RHB Armando Moreno
|
0-0: SINGLE (Groundball, 34D, EV 96.9 MPH)
|
|
Batting: RHB Akira Ishihara
|
0-0: Ball 1-0: Foul Ball, location: 2F 1-1: Grounds out, U3 (Groundball, 3L, EV 111.9 MPH)
|
|
Batting: SHB John Husson
|
0-0: Ball 1-0: Called Strike 1-1: Swinging Strike 1-2: Strikes out swinging
|
|
Batting: RHB Jess Thomas
|
0-0: Ball 1-0: Foul Ball, location: 2F 1-1: Ball 2-1: Ball 3-1: Swinging Strike 3-2: Strikes out swinging
|
| Bottom of the 8th over - 0 runs, 1 hit, 0 errors, 1 left on base; Billings 4 - Washington (APP) 2 |
| TOP OF THE 9TH |
|
Billings Mustangs batting - Pitching for Washington (APP) Nationals : RHP Karl-Anthony Aure
|
|
Batting: LHB Clint Hanninen
|
0-0: Called Strike 0-1: Foul Ball, location: 2F 0-2: Foul Ball, location: 2F 0-2: Ball 1-2: Strikes out swinging
|
|
Batting: SHB Gustavo Froio
|
0-0: Called Strike 0-1: Swinging Strike 0-2: Ball 1-2: Ball 2-2: Ball 3-2: SINGLE (Groundball, 4M, EV 79.4 MPH) (infield hit)
|
|
Batting: RHB Emanuel Estrada
|
0-0: Called Strike 0-1: Ball 1-1: Swinging Strike 1-2: Ball 2-2: Strikes out swinging
|
|
Batting: RHB Rich Vanegas
|
0-0: Ball 1-0: Called Strike 1-1: SINGLE (Groundball, 6M, EV 103.8 MPH) Gustavo Froio to second
|
|
Batting: RHB Wayne Watson
|
0-0: Called Strike 0-1: Foul Ball, location: 2F 0-2: Strikes out swinging
|
| Top of the 9th over - 0 runs, 2 hits, 0 errors, 2 left on base; Billings 4 - Washington (APP) 2 |
| BOTTOM OF THE 9TH |
|
Washington (APP) Nationals batting - Pitching for Billings Mustangs : RHP Jeff Buchanan
|
|
Pitching: RHP Roger Whitaker
|
|
|
Pinch Hitting: RHB Ryan Wright
|
0-0: Ball 1-0: Ball 2-0: Ball 3-0: Called Strike 3-1: Swinging Strike 3-2: Foul Ball, location: 2F 3-2: Foul Ball, location: 2F 3-2: Fly out, F8 (Flyball, 8RD, EV 96.2 MPH)
|
|
Pinch Hitting: LHB Emery Helm
|
0-0: Ball 1-0: Foul Ball, location: 2F 1-1: Ball 2-1: Ball 3-1: Base on Balls
|
|
Batting: RHB Franklin Ortega
|
0-0: Fly out, F7 (Flyball, 7, EV 89.4 MPH)
|
|
Batting: LHB Carlos Guadarrama
|
0-0: Ground out U3 (Groundball, 3, EV 90.6 MPH)
|
| Bottom of the 9th over - 0 runs, 0 hits, 0 errors, 1 left on base; Billings 4 - Washington (APP) 2 |
|